 Dungeon Crawl Stone Soup version 0.28-a0-823-gb444dcf96d (webtiles) character file.

Game seed: 4971232096337763417

17 siradein the Skirmisher (level 2, 24/24 HPs)
             Began as a Demonspawn Fighter on Nov 9, 2021.
             Quit the game on level 1 of the Dungeon.
             The game lasted 00:00:34 (433 turns).

siradein the Skirmisher (Demonspawn Fighter)         Turns: 433, Time: 00:00:35

Health: 24/24      AC:  6    Str: 16    XL:     2   Next: 44%
Magic:  2/2        EV:  9    Int:  9    God:
Gold:   7          SH:  4    Dex: 12    Spells: 1/1 levels left

rFire   . . .      SeeInvis .   a - +0 flail
rCold   . . .      Faith    .   c - +0 buckler
rNeg    . . .      Spirit   .   b - +0 scale mail
rPois   .          Reflect  .   (no helmet)
rElec   .          Harm     .   (no cloak)
rCorr   .          Rampage  .   (no gloves)
Will    .....                   (no boots)
Stlth   ..........              (no amulet)
HPRegen 0.08/turn               (no ring)
MPRegen 0.08/turn               (no ring)

@: no status effects
A: demonic touch 1
a: no special abilities


You were on level 1 of the Dungeon.
You visited 1 branch of the dungeon, and saw 1 of its levels.

You collected 7 gold pieces.

Inventory:

Hand Weapons
 a - a +0 flail (weapon)
Armour
 b - a +0 scale mail (worn)
 c - a +0 buckler (worn)
Scrolls
 f - a scroll of blinking {unknown}
Potions
 d - a potion of might
 e - a potion of invisibility {unknown}


   Skills:
 + Level 3.2 Fighting
 + Level 2.1 Maces & Flails
 + Level 2.9 Armour
 + Level 2.9 Shields


You had one spell level left.
You didn't know any spells.
Your spell library was empty.

Dungeon Overview and Level Annotations

Branches:
Dungeon (1/15)

Altars:


Innate Abilities, Weirdness & Mutations

Your touch may inflict minor irresistible damage on your foes.


Message History

You hit the ball python.
You kill the ball python!
The kobold throws a stone.
The stone hits you but does no damage. The kobold closely misses you.
You barely miss the kobold. You block the kobold's attack. x2
You thump the dart slug!
You kill the dart slug!
The kobold closely misses you.
You hit the kobold.
You kill the kobold!
No target in view!
No target in view!
Things that are here:
a +0 dagger; 2 stones; a kobold corpse A giant cockroach comes into view.
A giant cockroach is nearby!
A giant cockroach is nearby!
A giant cockroach is nearby!
You block the giant cockroach's attack.
You sock the giant cockroach!
You kill the giant cockroach!
No target in view!
No target in view!
A frilled lizard and a quokka come into view.
The frilled lizard hisses angrily.
There are monsters nearby!
There are monsters nearby!
There are monsters nearby!
You barely miss the quokka. The quokka barely misses you.
You hit the quokka.
You kill the quokka!
You sock the frilled lizard!
You kill the frilled lizard!
No target in view!
No target in view!
A goblin comes into view. It is wielding a +0 dagger.
The goblin shouts!
A goblin is nearby!
A goblin is nearby!
Are you sure you want to abandon this character and quit the game? (Confirm with "yes".)

......#.# ## ### #
..##....# #
........######## #
..###........... .
##.######### # #.#
####
#.############.....
#.##...............
#.##.##....@.......
#.†>....##.#.......
#.)..#####†#.......
####.# #.#....###
...# #...#...#
...>.. ...###g...
#....#.#.... ..#.
#.#.##.#..#. ##
#.#.. #..#.#


You could see a goblin.

Vanquished Creatures
  2 dart slugs (D:1)
  3 ball pythons (D:1)
  An endoplasm (D:1)
  A giant cockroach (D:1)
  A quokka (D:1)
  A frilled lizard (D:1)
  A goblin (D:1)
  3 kobolds (D:1)
  A rat (D:1)
14 creatures vanquished.

Notes
Turn   | Place    | Note
-------+----------+-------------------------------------------
     0 | D:1      | siradein the Demonspawn Fighter began the quest for the
                  | Orb.
     0 | D:1      | Reached XP level 1. HP: 18/18 MP: 1/1
   363 | D:1      | Gained mutation: Your touch may inflict minor irresistible
                  | damage on your foes. [demonic ancestry]
   363 | D:1      | Reached XP level 2. HP: 24/24 MP: 2/2
   433 | D:1      | Quit the game

Illustrated notes

Levels and vault maps discovered:
D:1:      minmay_arrival_nine_rooms, layout_loops_ring

Skill      XL: |  1 |
---------------+----+-----
Maces & Flails | 2 |  2.1
Fighting       | |  3.2
Armour         | |  2.9
Shields        | |  2.9

Action                   || total
-------------------------++-------
Melee: Flail             ||    34
Armor: Scale mail        ||    12
Dodge: Dodged            ||    13
Block: Buckler           ||    10

Table legend: (Time is in decaauts)
 A = Elapsed time spent in this place.
 B = Non-inter-level travel time spent in this place.
 C = Inter-level travel time spent in this place.
 D = Time resting spent in this place.
 E = Time spent auto-exploring this place.
 F = Levels seen in this place.
 G = Mean time per level.
                   A        B        C        D        E       F      G
               +--------+--------+--------+--------+--------+-----+--------+
         Total |    444 |    444 |      0 |      0 |    364 |   1 |  444.0 |
       Dungeon |    444 |    444 |      0 |      0 |    364 |   1 |  444.0 |
               +--------+--------+--------+--------+--------+-----+--------+

Top non-repeatable levels by time:
     D:1: 444 daAuts
